 Dungeon Crawl Stone Soup version 0.27-a0-1147-gb3d8e82157 (webtiles) character file.

Game seed: 18291757039548017861

25 bilbop the Magician (level 3, -1/27 HPs)
             Began as a Djinni Venom Mage on May 12, 2021.
             Slain by an adder (3 damage)
             ... on level 2 of the Dungeon.
             The game lasted 00:07:06 (1553 turns).

bilbop the Magician (Djinni Venom Mage)             Turns: 1553, Time: 00:07:06

Health: -1/27      AC:  3    Str:  7    XL:     3   Next: 4%
Gold:   72         EV: 11    Int: 16    God:
                   SH:  0    Dex: 14

rFire    + + .     SeeInvis .   f - +0 dagger
rCold    x . .     Faith    .   (no shield)
rNeg     . . .     Spirit   .   d - +0 leather armour
rPois    ∞         Reflect  .   (no helmet)
rElec    .         Harm     .   (no cloak)
rCorr    .         Rampage  .   (no gloves)
Will     .....                  (boots unavailable)
Stlth    ++........             (no amulet)
HPRegen  0.09/turn              (no ring)
MPRegen  0.00/turn              (no ring)

@: flying
A: sickness immunity, fire resistance 2, cold vulnerability 1, float, innate
caster, hp casting, extra vitality 1
a: no special abilities


You were on level 2 of the Dungeon.
You visited 1 branch of the dungeon, and saw 2 of its levels.

You collected 72 gold pieces.

Inventory:

Hand Weapons
 f - a +0 dagger (weapon)
Armour
 a - a +0 robe
 d - a +0 leather armour (worn)
Wands
 j - a wand of acid (9)
Scrolls
 b - a scroll of noise {unknown}
 e - 2 scrolls of amnesia {unknown}
 g - a scroll of teleportation {unknown}
 h - a scroll of identify {unknown}
 i - 3 scrolls of blinking {unknown}
Potions
 c - 2 potions of brilliance {unknown}
 k - a potion of haste {unknown}


   Skills:
 + Level 1.0 Fighting
 + Level 0.9 Long Blades
 - Level 2.1 Dodging
 * Level 2.0 Stealth
 * Level 2.9 Spellcasting


You couldn't memorise any spells.
You knew the following spells:

 Your Spells              Type           Power      Damage    Failure   Level
a - Sting                 Tmut/Pois      44%        1d5       9%          1
b - Poisonous Vapours     Pois/Air       22%        N/A       13%         2
c - Mephitic Cloud        Conj/Pois/Air  11%        N/A       26%         3
d - Ignite Poison         Fire/Tmut/Pois 11%        N/A       26%         3
e - Olgreb's Toxic Radia  Pois           11%        N/A       63%         4
f - Animate Skeleton      Necr           22%        N/A       9%          1
Your spell library was empty.

Dungeon Overview and Level Annotations

Branches:
Dungeon (2/15)

Altars:


Innate Abilities, Weirdness & Mutations

You are immune to sickness and miasma.
You are immune to poison.
Your flesh is very heat resistant. (rF++)
You are vulnerable to cold. (rC-)
You float through the air rather than walking.
You learn spells naturally, not from books.
Your magical power is your life essence.
You have superior vitality. (+4 HP)


Message History

The adder hisses angrily.
Found a short sword.
The helpless worm fails to defend itself.
You hit the worm.
The worm is moderately wounded.
The worm bites you.
You miscast Sting.
You are very lightly contaminated with residual magic.
Nothing appears to happen.
The sting hits the worm.
The worm is poisoned.
The worm is heavily wounded.
The worm bites you. The adder bites you.
You are too injured to fight recklessly!
Aiming: Sting (safe; 9% risk of failure)
Press: ? - help, Q - select action, (/) - cycle Shift-Dir - straight line, f/p - worm
Aim: a worm (severely wounded, poisoned, 90% to hit)
The sting misses the adder.
The sting hits the worm.
The worm looks even sicker.
The worm is almost dead.
The adder bites you.
Your magical contamination has completely faded away.
Aiming: Sting (safe; 9% risk of failure)
Press: ? - help, Q - select action, (/) - cycle Shift-Dir - straight line, f/p - worm
Aim: a worm (almost dead, very poisoned, 90% to hit)
The sting hits the adder.
The adder is poisoned.
The adder is heavily wounded.
You kill the worm!
The adder bites you.
* * * LOW HITPOINT WARNING * * *
The adder bites you.
* * * LOW HITPOINT WARNING * * *
You have reached level 3!
Your experience leads to an increase in your attributes!
Increase (S)trength, (I)ntelligence, or (D)exterity?
You feel agile.
The power to cast Animate Skeleton wells up from within.
Spell assigned to 'f'.
The adder bites you.
You die...

.........♣# ♣.♣ #♣.##
....).....♣♣♣.♣.♣♣♣...+
.............♣♣♣......#
..........♣♣♣.♣.♣♣♣...#
.........♣# #♣.♣# #♣..#
.........♣ ♣.♣ ♣..# #
...?...†.♣# ♣.♣# #♣..# .#
....[.....♣♣♣...♣♣♣...# ..#
######.....S@.........####...
#....).................#
####.............#......
#.............#<..#..
#....)#########...# . #.....#
#...# ......# #...# ........
#####


You could see an adder (poisoned).

Vanquished Creatures
  A worm (D:2)
  2 ball pythons (D:1)
  6 endoplasms (D:1)
  A giant cockroach (D:1)
  A goblin (D:1)
  2 hobgoblins (D:1)
  2 bats (D:1)
  2 frilled lizards (D:1)
  2 kobolds (D:1)
  A rat (D:1)
20 creatures vanquished.

Notes
Turn   | Place    | Note
-------+----------+-------------------------------------------
     0 | D:1      | bilbop the Djinni Venom Mage began the quest for the Orb.
     0 | D:1      | Reached XP level 1. HP: 15/15 MP: 0/0
   382 | D:1      | Reached XP level 2. HP: 18/22 MP: 0/0
  1111 | D:1      | Found a faded altar of an unknown god.
  1347 | D:1      | Reached skill level 1 in Fighting
  1550 | D:2      | HP: 1/22 [adder (3)]
  1551 | D:2      | Reached XP level 3. HP: 2/27 MP: 0/0
  1551 | D:2      | Learned a level 1 spell: Animate Skeleton
  1553 | D:2      | Slain by an adder

Illustrated notes

Levels and vault maps discovered:
D:1:      dpeg_arrival_refuge, layout_loops_ring,
          hellmonk_ecumenical_altar_lost_god, wad_floor_pattern_untrapped
D:2:      layout_basic, minmay_stone_trees_medium, uniq_sigmund,
          uniq_crazy_yiuf_cottage

Skill      XL: |  1  2 |
---------------+-------+-----
Fighting       | 1 |  1.0
Stealth        | 2 |  2.0
Long Blades    | |  0.9
Dodging        | |  2.1
Spellcasting   | |  2.9

Action                   || total
-------------------------++-------
Melee: Unarmed           ||     2
       Dagger            ||    12
 Cast: Sting             ||    27
 Stab: Sleeping          ||     3
Armor: Leather armour    ||    10
Dodge: Dodged            ||    20

Table legend: (Time is in decaauts)
 A = Elapsed time spent in this place.
 B = Non-inter-level travel time spent in this place.
 C = Inter-level travel time spent in this place.
 D = Time resting spent in this place.
 E = Time spent auto-exploring this place.
 F = Levels seen in this place.
 G = Mean time per level.
                   A        B        C        D        E       F      G
               +--------+--------+--------+--------+--------+-----+--------+
         Total |   1551 |   1536 |     15 |    862 |    472 |   2 |  775.5 |
       Dungeon |   1551 |   1536 |     15 |    862 |    472 |   2 |  775.5 |
               +--------+--------+--------+--------+--------+-----+--------+

Top non-repeatable levels by time:
     D:1: 1516 daAuts
     D:2: 35 daAuts
